 Dungeon Crawl Stone Soup version 0.26.1-11-gd32895ea62 (webtiles) character file.

Game seed: 9397192335574909823

126 Zeld the Twirler (level 5, -1/30 (34) HPs)
             Began as an Octopode Gladiator on May 18, 2021.
             Slain by a wight
             ... wielding a +0 short sword
              (2 damage)
             ... on level 2 of the Dungeon.
             The game lasted 00:02:04 (2522 turns).

Zeld the Twirler (Octopode Gladiator)               Turns: 2522, Time: 00:02:06

HP:   -1/30 (34)    AC:  1    Str: 14    XL:     5   Next: 9%
MP:   5/5           EV: 14    Int: 10    God:
Gold: 82            SH:  0    Dex: 14    Spells: 4/4 levels left

rFire    . . .     SeeInvis .   a - +0 quarterstaff
rCold    . . .     Faith    .   (shield currently unavailable)
rNeg     . . .     Spirit   .   b - +0 hat
rPois    .         Reflect  .   (no amulet)
rElec    .         Harm     .   (no ring)
rCorr    .         Rampage  .   (no ring)
Will     .....                  (no ring)
Stlth    ++........             (no ring)
HPRegen  0.10/turn              (no ring)
MPRegen  0.09/turn              (no ring)
                                (no ring)
                                (no ring)

@: heavily drained
A: almost no armour, stealthy swim, amphibious, 8 rings, constrict 8, camouflage
1, gelatinous body 1
a: no special abilities


You were on level 2 of the Dungeon.
You visited 1 branch of the dungeon, and saw 3 of its levels.

You collected 82 gold pieces.

Inventory:

Hand Weapons
 a - a +0 quarterstaff (weapon)
Missiles
 c - 3 throwing nets (quivered)
 j - 8 javelins
Armour
 b - a +0 hat (worn)
Jewellery
 f - a cursed ring of attention {unknown}
Scrolls
 d - a scroll of remove curse {unknown}
 e - a scroll of blinking {unknown}
 g - 3 scrolls of immolation {unknown}
 h - 5 scrolls of teleportation {unknown}
 i - a scroll of fear {unknown}
 k - a scroll of identify {unknown}


   Skills:
 - Level 2.0 Fighting
 * Level 4.4 Staves
 * Level 3.8 Throwing
 - Level 3.0 Dodging


You had 4 spell levels left.
You didn't know any spells.
Your spell library was empty.

Dungeon Overview and Level Annotations

Branches:
Dungeon (3/15)

Altars:


Innate Abilities, Weirdness & Mutations

You cannot wear most types of armour.
You are very stealthy in the water. (Stealth+)
You are amphibious.
You can wear up to eight rings at the same time.
You can use your tentacles to constrict eight enemies at once.
Your skin changes colour to match your surroundings (Stealth+).
Your rubbery body absorbs attacks. (AC +1, EV +1)


Message History

You are too injured to fight recklessly!
You are too injured to fight recklessly!
You are too injured to fight recklessly!
You barely miss the wight. You squeeze the wight.
The wight is lightly damaged.
You constrict the wight.
The wight hits you with a +0 short sword.
* * * LOW HITPOINT WARNING * * *
You hit the wight but do no damage.
The wight is lightly damaged.
You constrict the wight, but do no damage.
The wight barely misses you.
You sock the wight!
You squeeze the wight, but do no damage.
The wight is heavily damaged.
You constrict the wight, but do no damage.
The wight hits you with a +0 short sword.
* * * LOW HITPOINT WARNING * * *
You feel drained.
You die...

#.........................
#.#######.################
#.........# #....#
#.........# #.##.###
#.........# #.#.....
#.........#########.#..#..
#.........................
#.......)##########.......
#........@................
#.......z..............)..
#.........#........#......
##......).#.######.#......
#........#.# #.#.#....
#......).#.# ##'#+#.#..
#........#.#####.........
#........#............###
########.#######......# #


You could see a wight.

Vanquished Creatures
  A wight (D:2)
  Jessica (D:2)
  3 worms (D:2)
  3 dart slugs (D:1)
  8 bats
  2 giant cockroaches
  8 hobgoblins
  2 ball pythons (D:2)
  2 frilled lizards
  5 goblins
  9 kobolds
  4 rats
48 creatures vanquished.

Vanquished Creatures (others)
  5 toadstools (D:1)
5 creatures vanquished.

Grand Total: 53 creatures vanquished

Notes
Turn   | Place    | Note
-------+----------+-------------------------------------------
     0 | D:1      | Zeld the Octopode Gladiator began the quest for the Orb.
     0 | D:1      | Reached XP level 1. HP: 14/14 MP: 1/1
    95 | D:1      | Reached XP level 2. HP: 19/19 MP: 2/2
   524 | D:1      | Reached XP level 3. HP: 24/24 MP: 3/3
  1446 | D:2      | Noticed Jessica
  1452 | D:2      | Killed Jessica
  1453 | D:2      | Reached skill level 4 in Staves
  1453 | D:2      | Reached XP level 4. HP: 29/29 MP: 4/4
  2101 | D:2      | Reached XP level 5. HP: 19/34 MP: 5/5
  2522 | D:2      | HP: 1/31 [wight/+0 short sword (5)]
  2522 | D:2      | Slain by a wight

Illustrated notes

Levels and vault maps discovered:
D:1:      ldierk_walled_garden, layout_loops_cross
D:2:      layout_basic, uniq_jessica
D:3:      layout_rooms, marbit_many_paths, fedhas_altar_1,
          biasface_ghost_orc_armoury

Skill      XL: |  1  2  3 |
---------------+----------+-----
Throwing       | 3 |  3.8
Staves         | 4 |  4.4
Fighting       | |  2.0
Dodging        | |  3.0

Action                   |  1- 3 |  4- 6 || total
-------------------------+-------+-------++-------
Melee: Quarterstaff      |    61 |    30 ||    91
       Constrict         |    13 |     7 ||    20
       Tentacles         |    11 |     7 ||    18
 Stab: Sleeping          |    12 |     1 ||    13
Armor: Skin              |     4 |     5 ||     9
Dodge: Dodged            |    23 |    21 ||    44
